 Dungeon Crawl Stone Soup version 0.29.1-1-gd02db69 (webtiles) character file.

Game seed: 10870038175733222919

41 Timinator the Insei (level 3, -5/42 HPs)
             Began as a Demigod Transmuter on Jan 12, 2023.
             Succumbed to Jessica's poison
             ... on level 2 of the Dungeon.
             The game lasted 00:02:37 (1064 turns).

Timinator the Insei (Demigod Transmuter)            Turns: 1064, Time: 00:02:37

Health: -5/42      AC: 21    Str: 11    XL:     3   Next: 16%
Magic:  8/8        EV:  2    Int: 15    God:
Gold:   70         SH:  0    Dex: 18    Spells: 2/5 levels left

rFire   . . .      SeeInvis .     - Unarmed
rCold   . . .      Faith    .   (no shield)
rNeg    . . .      Spirit   .   (body armour currently unavailable)
rPois   +          Reflect  .   (helmet currently unavailable)
rElec   .          Harm     .   (cloak currently unavailable)
rCorr   .          Rampage  .   (gloves currently unavailable)
Will    .....      NoTele   +   (boots currently unavailable)
Stlth   ++........              (no amulet)
HPRegen 0.14/turn               e - ring of wizardry
MPRegen 0.11/turn               (no ring)

@: lethally poisoned (-5 -> -37), tree-form, invisible
A: stationary, stasis, torment immunity, boosted hp, high MP 1, forlorn, divine
attributes
a: no special abilities


You were on level 2 of the Dungeon.
You were a tree.
You visited 1 branch of the dungeon, and saw 2 of its levels.

You collected 70 gold pieces.

Inventory:

Armour
 a - a +0 robe (melded)
Jewellery
 e - a ring of wizardry (left branch)
Scrolls
 f - a scroll of magic mapping {unknown}
 g - a scroll of fear {unknown}
 h - a scroll of vulnerability {unknown}
Potions
 b - a potion of lignification
 c - a potion of mutation {unknown}


   Skills:
 * Level 1.2 Fighting
 * Level 0.8 Armour
 + Level 2.0 Dodging
 + Level 3.1 Unarmed Combat
 + Level 1.9 Spellcasting
 * Level 2.1 Transmutations


You had 2 spell levels left.
You knew the following spells:

 Your Spells              Type           Power      Damage    Failure   Level
a - Beastly Appendage     Tmut           16%        N/A       3%          1
b - Wereblood             Tmut           8%         N/A       6%          2

Your spell library contained the following spells:

 Spells                   Type           Power      Damage    Failure   Level
 Spider Form              Tmut/Pois      4%         N/A       16%         3
 Ice Form                 Ice/Tmut       4%         N/A       45%         4


Dungeon Overview and Level Annotations

Branches:
Dungeon (2/15)

Annotations:
D:2 Jessica


Innate Abilities, Weirdness & Mutations

You are a tree.
Your roots penetrate the ground, keeping you stationary.
You cannot be teleported.
You are immune to unholy pain and torment.
Your maximum health is greatly increased.
Your equipment is partially melded.
You have an increased reservoir of magic. (+10% MP)
You shall have no god before yourself.
Your divine heritage dramatically boosts your attributes as you level up.


Message History

You barely miss the kobold. The kobold hits you but does no damage.
Jessica shouts!
You hit the kobold.
You kill the kobold!
You hear an angry hiss.
Jessica casts a spell.
Jessica blinks!
Jessica casts a spell.
Jessica seems to speed up.
Things that are here:
a +0 short sword; 2 stones; a kobold corpse You barely miss Jessica.
Your kick misses Jessica.
Your transformation is almost over.
Jessica hits you with a +1 dagger of venom.
You are poisoned.
You hit Jessica. You claw Jessica, but do no damage.
Jessica is heavily wounded.
You feel very sick.
Jessica hits you with a +1 dagger of venom.
You are lethally poisoned!
You hit Jessica.
Jessica is severely wounded.
You feel very sick.
Jessica hits you with a +1 dagger of venom.
You are more poisoned.
An adder comes into view.
Jessica hits you with a +1 dagger of venom!
* * * LOW HITPOINT WARNING * * *
Really quaff the potion of lignification?
Your horns disappear.
Your talons disappear.
You turn into a tree.
Your +0 robe melds into your body.
Your roots penetrate the ground.
* * * LOW HITPOINT WARNING * * *
You feel very sick.
The adder hisses angrily.
Jessica hits you but does no damage.
You are more poisoned.
It was a potion of invisibility.
You fade into invisibility!
You die...

..........#†##......###
......##.##.##........#
....(.##. #......†.##.#
......##. #........##.##
.<....#.. ..###....##..#
......... ### #...####.######
.........######............<#
#.#.###............###......#
#...# . #...@♣.)# ###....#
...## #.......# #....# ##..
#.......# #....# ## #.....?.#
#....# ......#..# #....#
######.##.# #....# #. .S#
#....# ## ... ...###


You could see an adder (unable to see you) and Jessica (fast, unable to see
you).

Vanquished Creatures
  An adder (D:2)
  2 worms (D:2)
  An endoplasm (D:1)
  3 giant cockroaches
  2 goblins
  2 hobgoblins (D:1)
  5 kobolds
  A quokka (D:2)
  2 ball pythons
  A bat (D:1)
  4 frilled lizards
  4 rats
28 creatures vanquished.

Notes
Turn   | Place    | Note
-------+----------+-------------------------------------------
     0 | D:1      | Timinator the Demigod Transmuter began the quest for the
                  | Orb.
     0 | D:1      | Reached XP level 1. HP: 15/15 MP: 5/5
   204 | D:1      | Reached skill level 1 in Fighting
   241 | D:1      | Reached skill level 3 in Unarmed Combat
   243 | D:1      | Reached XP level 2. HP: 20/23 MP: 7/7
   909 | D:2      | Reached XP level 3. HP: 25/28 MP: 6/8
   977 | D:2      | Learned a level 2 spell: Wereblood
  1047 | D:2      | Noticed Jessica
  1063 | D:2      | HP: 2/42 [poisoned by Jessica]
  1064 | D:2      | Succumbed to Jessica's poison

Illustrated notes

Levels and vault maps discovered:
D:1:      saegor_arrival_simple_c, layout_rooms
D:2:      layout_rooms, shapermc_ecumenical_altar_venn, uniq_jessica

Skill      XL: |  1  2 |
---------------+-------+-----
Fighting       | 1 |  1.2
Unarmed Combat | 3 |  3.1
Transmutations | 2 |  2.1
Dodging        | 2 |  2.0
Armour         | |  0.8
Spellcasting   | |  1.9

Action                   || total
-------------------------++-------
Melee: Unarmed           ||    70
       Kick              ||    18
       Headbutt          ||     7
       Punch             ||     2
 Cast: Beastly Appendage ||    12
  Use: Potion            ||     2
Armor: Robe              ||    12
       Skin              ||     1
Dodge: Dodged            ||    28
